[Event "12th Arad Open 2019"]
[Site "Arad"]
[Date "2019.07.28"]
[Round "6.33"]
[White "Nastase, Robert-Paul"]
[Black "Martin Perez, Javier"]
[Result "1-0"]
[ECO "C18"]
[WhiteElo "2283"]
[BlackElo "1961"]
[Annotator "NA"]
[PlyCount "53"]
[EventDate "2019.07.24"]
[EventType "swiss"]
[EventCountry "ROU"]
[SourceTitle "playchess.com"]
[Source "ChessBase"]
[SourceQuality "1"]
[TimeControl "40/5400+30:900+30"]

1. e4 e6 2. d4 d5 3. Nc3 Bb4 4. e5 Ne7 5. Qg4 c5 6. a3 Bxc3+ 7. bxc3 Qc7 8. Bd3 cxd4 9. Ne2 Nbc6 10. cxd4 h5 11. Qf4 Qa5+ 12. Bd2 Qa4 13. O-O Nf5 14. c3 Na5 15. Rfb1 Nc4 16. Rb4 Qc6 17. a4 O-O 18. Bc1 f6 19. exf6 Rxf6 20. Qg5 Bd7 21. Qxh5 Be8 22. Qg4 Ncd6 23. Bg5 Rf8 24. f3 Bd7 25. Qh5 Nf7 26. Bf4 Rae8 27. g4 1-0

[Event "12th Arad Open 2019"]
[Site "Arad"]
[Date "2019.07.28"]
[Round "6.34"]
[White "Pop, Alexandru"]
[Black "Pislariu, Stefanel-Vasilica"]
[Result "1/2-1/2"]
[ECO "A11"]
[WhiteElo "2276"]
[BlackElo "1934"]
[Annotator "NA"]
[PlyCount "93"]
[EventDate "2019.07.24"]
[EventType "swiss"]
[EventCountry "ROU"]
[SourceTitle "playchess.com"]
[Source "ChessBase"]
[SourceQuality "1"]
[TimeControl "40/5400+30:900+30"]

1. c4 c6 2. Nf3 d5 3. e3 Nf6 4. Nc3 e6 5. b3 Nbd7 6. Bb2 Bd6 7. Be2 O-O 8. Qc2 a6 9. g4 Nxg4 10. Rg1 f5 11. h3 Nge5 12. Ng5 Nf6 13. f4 Ng6 14. O-O-O e5 15. fxe5 Nxe5 16. Rg2 h6 17. Nf3 Nxf3 18. Bxf3 dxc4 19. bxc4 Be6 20. Ne2 Qd7 21. Rdg1 g5 22. h4 g4 23. Bxg4 fxg4 24. Nd4 Kf7 25. Rf1 Ke7 26. Qg6 Rf7 27. Rgf2 Raf8 28. c5 Be5 29. Qxh6 Ne4 30. Rxf7+ Rxf7 31. Rxf7+ Bxf7 32. Qh7 Nxc5 33. h5 Bxd4 34. Bxd4 Qd5 35. h6 Qh1+ 36. Kc2 Qh5 37. Qh8 Qg6+ 38. Kb2 Nd7 39. h7 g3 40. Qg7 Qxg7 41. Bxg7 g2 42. h8=Q g1=Q 43. Qh4+ Ke6 44. Qe4+ Kd6 45. Qf4+ Ke6 46. Qe4+ Kd6 47. Qf4+ {[%emt 0:00:05] Ke5} 1/2-1/2

[Event "12th Arad Open 2019"]
[Site "Arad"]
[Date "2019.07.28"]
[Round "6.35"]
[White "Pasti, Aron"]
[Black "Bucur, Denisa-Andreea"]
[Result "1-0"]
[ECO "C17"]
[WhiteElo "2209"]
[BlackElo "1943"]
[Annotator "NA"]
[PlyCount "81"]
[EventDate "2019.07.24"]
[EventType "swiss"]
[EventCountry "ROU"]
[SourceTitle "playchess.com"]
[Source "ChessBase"]
[SourceQuality "1"]
[TimeControl "40/5400+30:900+30"]

1. e4 e6 2. d4 d5 3. Nc3 Bb4 4. e5 c5 5. Bd2 Ne7 6. Nb5 Bxd2+ 7. Qxd2 O-O 8. dxc5 Nd7 9. Qc3 f6 10. exf6 Nxf6 11. Bd3 Bd7 12. Nf3 Bxb5 13. Bxb5 Ne4 14. Qa3 Qc7 15. O-O Rf6 16. Nd4 e5 17. Nb3 Raf8 18. f3 Ng5 19. Qxa7 Rg6 20. Kh1 Rh6 21. Qa5 Qb8 22. Qd2 Ne6 23. g3 Nf5 24. Kg1 b6 25. c6 Nfd4 26. Nxd4 Nxd4 27. c3 Nxb5 28. Qxd5+ Kh8 29. Qxb5 Qc8 30. Qxb6 Rxc6 31. Qe3 Qf5 32. Qe4 Qe6 33. f4 Rc4 34. Qe3 Re8 35. b3 Rc7 36. fxe5 h6 37. c4 Rce7 38. Rae1 Qa6 39. Qd2 Qa7+ 40. Qf2 Qa5 41. e6 1-0

[Event "12th Arad Open 2019"]
[Site "Arad"]
[Date "2019.07.28"]
[Round "6.36"]
[White "Turlea, Constantin"]
[Black "Martian, Dragos-Daniel"]
[Result "1-0"]
[ECO "E21"]
[WhiteElo "1938"]
[BlackElo "2201"]
[Annotator "NA"]
[PlyCount "66"]
[EventDate "2019.07.24"]
[EventType "swiss"]
[EventCountry "ROU"]
[SourceTitle "playchess.com"]
[Source "ChessBase"]
[SourceQuality "1"]
[TimeControl "40/5400+30:900+30"]

1. d4 Nf6 2. Nf3 e6 3. c4 b6 4. Nc3 d5 5. g3 Bb7 6. Bg2 Nbd7 7. cxd5 Nxd5 8. O-O Be7 9. Re1 N7f6 10. Qd3 O-O 11. e4 Nxc3 12. bxc3 c5 13. Bf4 cxd4 14. cxd4 Bb4 15. Nd2 Rc8 16. Rec1 h6 17. a3 Be7 18. Rc3 Rxc3 19. Qxc3 Qa8 20. Qc7 Re8 21. f3 Bf8 22. Qc3 Rc8 23. Qb2 Rc6 24. Rc1 Qc8 25. Nb1 Ba6 26. Bf1 Bxf1 27. Kxf1 Qa6+ 28. Kf2 b5 29. Rxc6 Qxc6 30. Nc3 a6 31. Qb3 Nd7 32. Nb1 Be7 33. Bd2 Qb6 1-0

[Event "12th Arad Open 2019"]
[Site "Arad"]
[Date "2019.07.28"]
[Round "6.37"]
[White "Illes, Sandor-Ferenc"]
[Black "Michalicka, Milan"]
[Result "0-1"]
[ECO "B47"]
[WhiteElo "1924"]
[BlackElo "2190"]
[Annotator "NA"]
[PlyCount "57"]
[EventDate "2019.07.24"]
[EventType "swiss"]
[EventCountry "ROU"]
[SourceTitle "playchess.com"]
[Source "ChessBase"]
[SourceQuality "1"]
[TimeControl "40/5400+30:900+30"]

1. e4 c5 2. Nf3 e6 3. d4 cxd4 4. Nxd4 Nc6 5. Nc3 Qc7 6. f4 a6 7. Be3 b5 8. Qf3 Bb7 9. Bd3 Nf6 10. g4 b4 11. Nce2 d5 12. e5 Ne4 13. O-O-O Nc5 14. Kb1 Na5 15. b3 Nc4 16. Bc1 Na3+ 17. Bxa3 bxa3 18. Rhe1 Nxd3 19. cxd3 Bc5 20. Rc1 Qb6 21. Qe3 O-O 22. f5 Rfc8 23. f6 a5 24. Qg5 g6 25. Nf4 h6 26. Qxh6 Bf8 27. Nxd5 Bxd5 28. Qf4 Bc5 29. Qg5 0-1

[Event "12th Arad Open 2019"]
[Site "Arad"]
[Date "2019.07.28"]
[Round "6.38"]
[White "Bulau, Andrei-Cristian"]
[Black "Tampea, Radu"]
[Result "0-1"]
[ECO "D31"]
[WhiteElo "2169"]
[BlackElo "1913"]
[Annotator "NA"]
[PlyCount "100"]
[EventDate "2019.07.24"]
[EventType "swiss"]
[EventCountry "ROU"]
[SourceTitle "playchess.com"]
[Source "ChessBase"]
[SourceQuality "1"]
[TimeControl "40/5400+30:900+30"]

1. d4 d5 2. c4 e6 3. Nc3 a6 4. cxd5 exd5 5. Qb3 Nc6 6. Nf3 Nge7 7. Bf4 Na5 8. Qd1 c6 9. e3 Bf5 10. a3 Ng6 11. Bg3 b5 12. Nd2 Be7 13. b4 Nb7 14. Nb3 a5 15. Nc5 Nxc5 16. bxc5 O-O 17. Be2 Bd7 18. Bh5 Nh4 19. O-O Nf5 20. Bf3 Bf6 21. Ne2 Re8 22. Qd3 Qe7 23. Nf4 g6 24. Ne2 Qf8 25. Rad1 Be6 26. Rfe1 Qg7 27. h3 h5 28. Bh2 Nh4 29. Nf4 Nf5 30. Qd2 Bd7 31. Nd3 Nh4 32. Be2 Bf5 33. Ne5 Bxe5 34. Bxe5 f6 35. Bg3 g5 36. Bxh5 Ng6 37. Bf3 a4 38. Bd6 Nh4 39. Bh5 Re6 40. f3 Rc8 41. Bg4 Bxg4 42. hxg4 Rce8 43. e4 dxe4 44. d5 e3 45. Qa2 cxd5 46. Qxd5 Kh7 47. c6 e2 48. Rd3 Qa7+ 49. Bc5 Qa5 50. Kf2 Qxe1+ {[%emt 0:00:07] Kg1} 0-1

[Event "12th Arad Open 2019"]
[Site "Arad"]
[Date "2019.07.28"]
[Round "6.39"]
[White "Anghel, Iulian-Mihai"]
[Black "Isfan, Ioan-Marius"]
[Result "0-1"]
[ECO "B34"]
[WhiteElo "1900"]
[BlackElo "2164"]
[Annotator "NA"]
[PlyCount "116"]
[EventDate "2019.07.24"]
[EventType "swiss"]
[EventCountry "ROU"]
[SourceTitle "playchess.com"]
[Source "ChessBase"]
[SourceQuality "1"]
[TimeControl "40/5400+30:900+30"]

1. e4 c5 2. Nf3 Nc6 3. d4 cxd4 4. Nxd4 g6 5. Nc3 Nf6 6. Be3 Bg7 7. f3 O-O 8. Qd2 d5 9. Nxc6 bxc6 10. Rd1 Bb7 11. Be2 e5 12. Bc5 d4 13. Na4 Re8 14. O-O Nd7 15. Ba3 Bf6 16. b3 Bg5 17. Qe1 a5 18. c3 Qc7 19. Bc1 Bf6 20. Bb2 c5 21. Qg3 Nb6 22. cxd4 Nxa4 23. bxa4 cxd4 24. Bb5 Red8 25. Rc1 Qb6 26. Kh1 Rac8 27. f4 Rxc1 28. Bxc1 Bxe4 29. fxe5 Bg7 30. Bg5 Rd5 31. Qf4 Bf5 32. Re1 d3 33. Qf3 Qd4 34. Be3 Qb4 35. Rc1 Rxe5 36. h3 h5 37. Rd1 Qe7 38. Bf2 Be4 39. Qf4 Qb7 40. Qg3 Rd5 41. Bc4 Rf5 42. Bxd3 Bxd3 43. Rxd3 Qb1+ 44. Bg1 Qxa2 45. Rd8+ Kh7 46. Ra8 Qxa4 47. Qb8 Qa1 48. Qg8+ Kh6 49. Qe8 Bd4 50. Qf8+ Kg5 51. Qd8+ Bf6 52. Qd2+ Kh4 53. Re8 Be5 54. Qd8+ f6 55. Qd3 Rf1 56. g3+ Kxh3 57. g4+ Kh4 58. Rxe5 Rxg1+ 0-1

[Event "12th Arad Open 2019"]
[Site "Arad"]
[Date "2019.07.28"]
[Round "6.40"]
[White "Georgescu, Cristian"]
[Black "Dobrin, Ionut-Alexandru"]
[Result "0-1"]
[ECO "B38"]
[WhiteElo "1891"]
[BlackElo "2142"]
[Annotator "NA"]
[PlyCount "82"]
[EventDate "2019.07.24"]
[EventType "swiss"]
[EventCountry "ROU"]
[SourceTitle "playchess.com"]
[Source "ChessBase"]
[SourceQuality "1"]
[TimeControl "40/5400+30:900+30"]

1. e4 c5 2. Nf3 Nc6 3. d4 cxd4 4. Nxd4 g6 5. c4 Bg7 6. Be3 Nf6 7. Nc3 O-O 8. Be2 d6 9. O-O Bd7 10. f3 Nxd4 11. Bxd4 a5 12. Qd2 Bc6 13. Rab1 Nd7 14. Bf2 Nc5 15. Rfc1 e6 16. Rd1 Be5 17. Bf1 Qe7 18. Ne2 Rfd8 19. Nd4 Be8 20. Qh6 Qf6 21. Ne2 Qg7 22. Qd2 Bf6 23. g4 e5 24. Be3 Qf8 25. b3 Bc6 26. g5 Bg7 27. a3 a4 28. b4 Nb3 29. Qd3 f5 30. Bb6 fxe4 31. fxe4 Qe7 32. Bxd8 Rxd8 33. h4 h6 34. Qe3 hxg5 35. hxg5 Nd4 36. b5 Bd7 37. Bg2 Bg4 38. Rxd4 exd4 39. Nxd4 d5 40. cxd5 Rxd5 41. Rb4 Qxb4 0-1

[Event "12th Arad Open 2019"]
[Site "Arad"]
[Date "2019.07.29"]
[Round "7.1"]
[White "Mastrovasilis, Dimitrios"]
[Black "Gorodetzky, David"]
[Result "1/2-1/2"]
[ECO "C17"]
[WhiteElo "2589"]
[BlackElo "2461"]
[Annotator "ChessBase"]
[PlyCount "58"]
[EventDate "2019.07.24"]
[EventType "swiss"]
[EventCountry "ROU"]
[SourceTitle "playchess.com"]
[Source "ChessBase"]
[SourceQuality "1"]
[TimeControl "40/5400+30:900+30"]

1. e4 e6 2. d4 d5 3. Nc3 Bb4 4. e5 c5 5. Bd2 Ne7 6. a3 Bxc3 7. Bxc3 b6 8. Bb5+ Bd7 9. Bd3 Nbc6 10. f4 cxd4 11. Bd2 O-O 12. Nf3 f6 13. O-O Be8 14. Qe2 Bg6 15. exf6 Rxf6 16. Rae1 Qd7 17. Bxg6 Nxg6 18. g3 Re8 19. Kg2 e5 20. fxe5 Ncxe5 21. Nxd4 Rxf1 22. Qxf1 Qg4 23. Nf3 Rf8 24. Rxe5 Nxe5 25. Nxe5 Qe4+ 26. Nf3 Qxc2 27. Qe2 Qxb2 28. Qe6+ Kh8 29. Qd6 Qf6 1/2-1/2

[Event "12th Arad Open 2019"]
[Site "Arad"]
[Date "2019.07.29"]
[Round "7.2"]
[White "Soltanici, Ruslan"]
[Black "Istratescu, Andrei"]
[Result "1/2-1/2"]
[ECO "B11"]
[WhiteElo "2408"]
[BlackElo "2555"]
[Annotator "ChessBase"]
[PlyCount "23"]
[EventDate "2019.07.24"]
[EventType "swiss"]
[EventCountry "ROU"]
[SourceTitle "playchess.com"]
[Source "ChessBase"]
[SourceQuality "1"]
[TimeControl "40/5400+30:900+30"]

1. e4 c6 2. Nc3 d5 3. Nf3 Bg4 4. h3 Bxf3 5. Qxf3 e6 6. Be2 Nf6 7. O-O Bc5 8. Rd1 Bd4 9. Qf4 Bxc3 10. dxc3 Nxe4 11. c4 O-O 12. Be3 1/2-1/2

[Event "12th Arad Open 2019"]
[Site "Arad"]
[Date "2019.07.29"]
[Round "7.3"]
[White "Visanescu, Daria-Ioana"]
[Black "Jianu, Vlad-Cristian"]
[Result "1/2-1/2"]
[ECO "B22"]
[WhiteElo "2079"]
[BlackElo "2523"]
[Annotator "ChessBase"]
[PlyCount "56"]
[EventDate "2019.07.24"]
[EventType "swiss"]
[EventCountry "ROU"]
[SourceTitle "playchess.com"]
[Source "ChessBase"]
[SourceQuality "1"]
[TimeControl "40/5400+30:900+30"]

1. e4 c5 2. c3 d6 3. Bd3 g6 4. Nf3 Bg7 5. O-O Nf6 6. Bc2 O-O 7. h3 Nc6 8. a3 e5 9. d4 exd4 10. cxd4 cxd4 11. Nxd4 Nxd4 12. Qxd4 Re8 13. Qa4 Bd7 14. Qb4 a5 15. Qxd6 Nxe4 16. Bxe4 Rxe4 17. Nc3 Bxc3 18. Qd3 Qe8 19. Qxc3 Rc8 20. Qf6 Rc6 21. Qf3 Rce6 22. Bd2 Bb5 23. Rfc1 Bc6 24. Qc3 a4 25. Rd1 Qe7 26. Be3 Qh4 27. Rd4 Rxd4 28. Qxd4 Qxd4 1/2-1/2

[Event "12th Arad Open 2019"]
[Site "Arad"]
[Date "2019.07.29"]
[Round "7.4"]
[White "Costachi, Mihnea"]
[Black "Banzea, Alexandru-Bogdan"]
[Result "1-0"]
[ECO "D70"]
[WhiteElo "2471"]
[BlackElo "2405"]
[Annotator "ChessBase"]
[PlyCount "25"]
[EventDate "2019.07.24"]
[EventType "swiss"]
[EventCountry "ROU"]
[SourceTitle "playchess.com"]
[Source "ChessBase"]
[SourceQuality "1"]
[TimeControl "40/5400+30:900+30"]

1. d4 Nf6 2. c4 g6 3. Nf3 Bg7 4. g3 c6 5. Nc3 d5 6. cxd5 cxd5 7. Bg2 Ne4 8. Qb3 Nxc3 9. bxc3 O-O 10. O-O Nc6 11. Nd2 e6 12. e4 Na5 13. Qc2 1-0

[Event "12th Arad Open 2019"]
[Site "Arad"]
[Date "2019.07.29"]
[Round "7.5"]
[White "David, Alexandru-Vasile"]
[Black "Nester, Ihor"]
[Result "1-0"]
[ECO "A80"]
[WhiteElo "2428"]
[BlackElo "2361"]
[Annotator "NA"]
[PlyCount "43"]
[EventDate "2019.07.24"]
[EventType "swiss"]
[EventCountry "ROU"]
[SourceTitle "playchess.com"]
[Source "ChessBase"]
[SourceQuality "1"]
[TimeControl "40/5400+30:900+30"]

1. d4 f5 2. Bg5 g6 3. Nc3 Bg7 4. h4 c6 5. e4 fxe4 6. Nxe4 d5 7. Ng3 Qb6 8. c3 Be6 9. Qc2 Nd7 10. Bd3 Bf7 11. Nf3 Ngf6 12. O-O O-O-O 13. Bf4 Ng4 14. Rae1 Bf6 15. Ng5 Bg8 16. Ne6 Bxe6 17. Rxe6 Bxh4 18. Qe2 Ngf6 19. a4 Rdf8 20. b4 Bxg3 21. a5 Qd8 22. Rxc6+ 1-0

[Event "12th Arad Open 2019"]
[Site "Arad"]
[Date "2019.07.29"]
[Round "7.6"]
[White "Schitco, Ivan"]
[Black "Stoleriu, George"]
[Result "1-0"]
[ECO "A40"]
[WhiteElo "2462"]
[BlackElo "2360"]
[Annotator "RC"]
[PlyCount "81"]
[EventDate "2019.07.24"]
[EventType "swiss"]
[EventCountry "ROU"]
[SourceTitle "playchess.com"]
[Source "ChessBase"]
[SourceQuality "1"]
[TimeControl "40/5400+30:900+30"]

1. d4 e6 2. c4 Nf6 3. g3 Bb4+ 4. Bd2 Qe7 5. Bg2 O-O 6. e3 d5 7. a3 Bxd2+ 8. Nxd2 dxc4 9. Nxc4 c5 10. Ne2 Rd8 11. O-O cxd4 12. exd4 Nd5 13. Rc1 Nc6 14. Qb3 Qf6 15. Rfd1 Nce7 16. Nc3 b6 17. Ne4 Qh6 18. h4 Ba6 19. Ne5 Be2 20. Re1 Bh5 21. Ng5 Qf6 22. Be4 Nf5 23. g4 Nxh4 24. Nxh7 Qf4 25. gxh5 f5 26. Bxd5 Rxd5 27. Qg3 Qxg3+ 28. fxg3 Rxe5 29. Ng5 Rd5 30. gxh4 Rxd4 31. Nf3 Rf4 32. Kg2 Re8 33. Rc6 Rg4+ 34. Kf2 e5 35. Rxe5 Rxe5 36. Nxe5 Rxh4 37. Rc8+ Kh7 38. Rh8+ Kxh8 39. Ng6+ Kh7 40. Nxh4 Kh6 41. Nxf5+ 1-0

[Event "12th Arad Open 2019"]
[Site "Arad"]
[Date "2019.07.29"]
[Round "7.7"]
[White "Svetushkin, Dmitry"]
[Black "Ardeleanu, Alin"]
[Result "1/2-1/2"]
[ECO "B06"]
[WhiteElo "2528"]
[BlackElo "2323"]
[Annotator "ChessBase"]
[PlyCount "157"]
[EventDate "2019.07.24"]
[EventType "swiss"]
[EventCountry "ROU"]
[SourceTitle "playchess.com"]
[Source "ChessBase"]
[SourceQuality "1"]
[TimeControl "40/5400+30:900+30"]

1. e4 g6 2. d4 c6 3. Nf3 d5 4. e5 Bg7 5. Bd3 Bg4 6. Nbd2 e6 7. h3 Bxf3 8. Nxf3 Nd7 9. Qe2 Ne7 10. h4 c5 11. c3 Nc6 12. h5 Qb6 13. Be3 cxd4 14. Nxd4 Ncxe5 15. Bb5 Qd6 16. O-O-O a6 17. f4 axb5 18. Nxb5 Qc6 19. fxe5 Bxe5 20. Bd4 Bxd4 21. Nxd4 Qa6 22. Qe3 O-O-O 23. Kb1 Qb6 24. Qf3 Ne5 25. Qf6 Nc4 26. Nb3 e5 27. Qf3 e4 28. Qe2 Rhe8 29. Rd4 Rd7 30. g4 f5 31. hxg6 hxg6 32. gxf5 gxf5 33. Qf2 Qg6 34. Rg1 Qh7 35. Qe2 f4 36. Rxd5 e3+ 37. Kc1 Rxd5 38. Qxc4+ Kb8 39. Qxd5 e2 40. Qd6+ Ka8 41. Re1 Qh4 42. Kd2 Rd8 43. Qxd8+ Qxd8+ 44. Kxe2 Qd5 45. Kf2 Qd3 46. Re2 Qg3+ 47. Kf1 Qh3+ 48. Ke1 Qh1+ 49. Kd2 Qb1 50. Nd4 Qxb2+ 51. Kd3 Qb1+ 52. Kc4 Qg6 53. a4 Ka7 54. Re5 Kb8 55. Rf5 Qd6 56. a5 Kc8 57. Kd3 Kd7 58. Ke4 Qa3 59. Kd3 Ke7 60. Rb5 Kf6 61. Rb6+ Kg5 62. Rxb7 Kf6 63. Rb5 Qc1 64. Kc4 Qf1+ 65. Kb4 Qb1+ 66. Kc5 Qa1 67. c4 f3 68. Nxf3 Qa3+ 69. Kb6 Qxf3 70. a6 Qa8 71. a7 Qd8+ 72. Kb7 Qd7+ 73. Ka6 Qc8+ 74. Ka5 Qxc4 75. Kb6 Qe6+ 76. Kb7 Qd7+ 77. Kb6 Qd6+ 78. Kb7 Qd7+ 79. Kb6 {[%emt 0:00:03] Ke5} 1/2-1/2

[Event "12th Arad Open 2019"]
[Site "Arad"]
[Date "2019.07.29"]
[Round "7.8"]
[White "Dicu, Razvan-Stefan"]
[Black "Song, Raymond"]
[Result "0-1"]
[ECO "B22"]
[WhiteElo "2286"]
[BlackElo "2456"]
[Annotator "ChessBase"]
[PlyCount "106"]
[EventDate "2019.07.24"]
[EventType "swiss"]
[EventCountry "ROU"]
[SourceTitle "playchess.com"]
[Source "ChessBase"]
[SourceQuality "1"]
[TimeControl "40/5400+30:900+30"]

1. e4 c5 2. c3 Nf6 3. e5 Nd5 4. d4 cxd4 5. cxd4 d6 6. Nf3 e6 7. Bc4 Be7 8. O-O O-O 9. Qe2 b6 10. Qe4 Ba6 11. Bxd5 exd5 12. Qxd5 Nc6 13. Rd1 Nb4 14. Qb3 dxe5 15. a3 Nd3 16. Rxd3 e4 17. Rd1 exf3 18. Qxf3 Qd7 19. Nc3 Rad8 20. Bf4 Rfe8 21. Re1 Qxd4 22. Rad1 Bf8 23. Rxe8 Rxe8 24. h3 Qc4 25. Rd7 Bc5 26. Ne4 Bb5 27. Nxc5 Bxd7 28. Nxd7 f6 29. Kh2 Qe6 30. Nb8 g5 31. Qg3 h5 32. Na6 h4 33. Qd3 Re7 34. Nc7 Qf7 35. Qd8+ Kg7 36. Bd6 Rd7 37. Qc8 Kg6 38. Nb5 f5 39. f4 g4 40. hxg4 fxg4 41. Qc2+ Qf5 42. Qxf5+ Kxf5 43. Be5 Rd2 44. Nd6+ Ke6 45. f5+ Kd5 46. f6 Rf2 47. Kg1 g3 48. Nf7 Ke6 49. Bd4 Rd2 50. Ng5+ Kd7 51. Kf1 Rxd4 52. f7 Rf4+ 53. Ke2 Rf2+ 0-1

[Event "12th Arad Open 2019"]
[Site "Arad"]
[Date "2019.07.29"]
[Round "7.9"]
[White "Macovei, Andrei"]
[Black "Gilea, Lucian"]
[Result "1/2-1/2"]
[ECO "C11"]
[WhiteElo "2424"]
[BlackElo "2287"]
[Annotator "NA"]
[PlyCount "77"]
[EventDate "2019.07.24"]
[EventType "swiss"]
[EventCountry "ROU"]
[SourceTitle "playchess.com"]
[Source "ChessBase"]
[SourceQuality "1"]
[TimeControl "40/5400+30:900+30"]

1. e4 e6 2. d4 d5 3. Nc3 Nf6 4. e5 Nfd7 5. f4 c5 6. Nf3 Nc6 7. Be3 a6 8. Qd2 b5 9. a3 Qc7 10. Be2 Bb7 11. O-O Be7 12. dxc5 Bxc5 13. Bxc5 Nxc5 14. Qe3 Nd7 15. Bd3 Qb6 16. Qxb6 Nxb6 17. b3 O-O 18. Ne2 f6 19. Ned4 Nxd4 20. Nxd4 fxe5 21. fxe5 Rxf1+ 22. Rxf1 Nd7 23. Bxh7+ Kxh7 24. Rf7 Bc8 25. Nxe6 Nxe5 26. Rxg7+ Kh6 27. Re7 Ng6 28. Re8 Bb7 29. Rxa8 Bxa8 30. Kf2 Bb7 31. Ke3 Bc8 32. Nc7 Nh4 33. Nxd5 Nxg2+ 34. Kd4 Ne1 35. c4 Nc2+ 36. Kc3 Nxa3 37. Kb2 Nxc4+ 38. bxc4 bxc4 39. Ne3 1/2-1/2

[Event "12th Arad Open 2019"]
[Site "Arad"]
[Date "2019.07.29"]
[Round "7.10"]
[White "Zawadzka, Jolanta"]
[Black "Lyell, Mark"]
[Result "1/2-1/2"]
[ECO "B12"]
[WhiteElo "2422"]
[BlackElo "2216"]
[Annotator "NA"]
[PlyCount "143"]
[EventDate "2019.07.24"]
[EventType "swiss"]
[EventCountry "ROU"]
[SourceTitle "playchess.com"]
[Source "ChessBase"]
[SourceQuality "1"]
[TimeControl "40/5400+30:900+30"]

1. e4 c6 2. d4 d5 3. e5 c5 4. dxc5 Nc6 5. f4 Nh6 6. c3 e6 7. Be3 g5 8. fxg5 Nf5 9. Bf4 Bxc5 10. Nf3 Qb6 11. Qb3 Bf2+ 12. Kd1 Qc7 13. Bd3 Ne3+ 14. Bxe3 Bxe3 15. Re1 Bc5 16. Nbd2 Bd7 17. Qc2 h6 18. g6 O-O-O 19. Nb3 Bb6 20. gxf7 Rdf8 21. Nbd4 Nxd4 22. cxd4 Qxc2+ 23. Kxc2 Rxf7 24. Re2 Rf4 25. Kc3 Be8 26. Rd2 Bh5 27. Be2 Rh7 28. Rf1 Kd8 29. h3 Rc7+ 30. Kb3 Bxf3 31. Rxf3 Rxd4 32. Rxd4 Bxd4 33. Rf6 Ke7 34. Rxh6 Bxe5 35. a4 Bf4 36. Rg6 e5 37. g3 Be3 38. h4 e4 39. h5 Rc6 40. Rg8 Rb6+ 41. Ka2 d4 42. Bc4 Bf2 43. Rg4 e3 44. Rxd4 Kf6 45. h6 Kg6 46. Rh4 Kh7 47. Bd3+ Kh8 48. Kb1 Bxg3 49. Rg4 Rd6 50. Kc2 Be5 51. h7 Rd8 52. Re4 Bxb2 53. Rxe3 Bd4 54. Re7 b6 55. Kd2 Bc5 56. Rb7 a5 57. Ke2 Rf8 58. Be4 Rf6 59. Kd3 Rd6+ 60. Kc3 Rd8 61. Bg6 Bg1 62. Kc4 Bd4 63. Kb5 Be5 64. Rxb6 Rb8 65. Rxb8+ Bxb8 66. Kxa5 Ba7 67. Ka6 Bg1 68. a5 Bf2 69. Kb7 Bg1 70. a6 Bf2 71. a7 Bxa7 72. Kxa7 1/2-1/2

[Event "12th Arad Open 2019"]
[Site "Arad"]
[Date "2019.07.29"]
[Round "7.11"]
[White "Secheres, Adrian-Simion"]
[Black "Barrish, Daniel"]
[Result "1/2-1/2"]
[ECO "C54"]
[WhiteElo "2394"]
[BlackElo "2237"]
[Annotator "NA"]
[PlyCount "55"]
[EventDate "2019.07.24"]
[EventType "swiss"]
[EventCountry "ROU"]
[SourceTitle "playchess.com"]
[Source "ChessBase"]
[SourceQuality "1"]
[TimeControl "40/5400+30:900+30"]

1. e4 e5 2. Nf3 Nc6 3. Bc4 Bc5 4. c3 Nf6 5. d3 O-O 6. O-O d5 7. exd5 Nxd5 8. Re1 Bg4 9. h3 Bh5 10. Nbd2 Nb6 11. b4 Be7 12. Bb3 Qxd3 13. Nxe5 Bxd1 14. Nxd3 Bxb3 15. axb3 a6 16. Ne4 Nd5 17. Nf4 Rad8 18. Rd1 Nf6 19. Nxf6+ Bxf6 20. Nd5 Be5 21. Be3 Rfe8 22. Rac1 Bd6 23. Bc5 Bxc5 24. bxc5 Rc8 25. b4 Ne7 26. Ne3 Rcd8 27. Kf1 Kf8 28. g3 1/2-1/2

[Event "12th Arad Open 2019"]
[Site "Arad"]
[Date "2019.07.29"]
[Round "7.15"]
[White "Kantorik, Marian"]
[Black "Ciorgovean, Iustin"]
[Result "0-1"]
[ECO "E32"]
[WhiteElo "2196"]
[BlackElo "2330"]
[Annotator "NA"]
[PlyCount "76"]
[EventDate "2019.07.24"]
[EventType "swiss"]
[EventCountry "ROU"]
[SourceTitle "playchess.com"]
[Source "ChessBase"]
[SourceQuality "1"]
[TimeControl "40/5400+30:900+30"]

1. d4 Nf6 2. c4 e6 3. Nc3 Bb4 4. Qc2 O-O 5. e4 d5 6. e5 Ne4 7. Bd3 c5 8. Nge2 cxd4 9. Nxd4 Nd7 10. Bf4 Qh4 11. g3 Qh5 12. O-O g5 13. Bxe4 dxe4 14. Be3 Bxc3 15. bxc3 Nxe5 16. Qxe4 Ng4 17. Qg2 e5 18. Nb5 Bf5 19. Nc7 Be4 20. f3 Nxe3 21. Qf2 Nxf1 22. fxe4 Qxh2+ 23. Qxh2 Nxh2 24. Nxa8 Rxa8 25. Kxh2 Rc8 26. Rb1 Rxc4 27. Rxb7 Rxc3 28. Rxa7 Rc4 29. g4 Rxe4 30. Kg3 Kg7 31. a4 Re3+ 32. Kf2 Re4 33. Kg3 Rf4 34. a5 h5 35. gxh5 Kh6 36. Re7 f6 37. a6 Kxh5 38. a7 Ra4 0-1

[Event "12th Arad Open 2019"]
[Site "Arad"]
[Date "2019.07.29"]
[Round "7.16"]
[White "Isfan, Ioan-Marius"]
[Black "Petrisor, Adrian-Marian"]
[Result "1/2-1/2"]
[ECO "D38"]
[WhiteElo "2164"]
[BlackElo "2422"]
[Annotator "NA"]
[PlyCount "32"]
[EventDate "2019.07.24"]
[EventType "swiss"]
[EventCountry "ROU"]
[SourceTitle "playchess.com"]
[Source "ChessBase"]
[SourceQuality "1"]
[TimeControl "40/5400+30:900+30"]

1. d4 Nf6 2. Nf3 e6 3. c4 d5 4. Nc3 Bb4 5. Qa4+ Nc6 6. Bd2 O-O 7. e3 a6 8. Rd1 Bd7 9. Qc2 Re8 10. a3 Bf8 11. h3 g6 12. Bd3 dxc4 13. Bxc4 b5 14. Bd3 b4 15. Ne4 a5 16. Nc5 Rb8 1/2-1/2

[Event "12th Arad Open 2019"]
[Site "Arad"]
[Date "2019.07.29"]
[Round "7.17"]
[White "Martinovici, Ilie"]
[Black "Sarmir, Milos"]
[Result "1/2-1/2"]
[ECO "A50"]
[WhiteElo "2407"]
[BlackElo "2098"]
[Annotator "NA"]
[PlyCount "166"]
[EventDate "2019.07.24"]
[EventType "swiss"]
[EventCountry "ROU"]
[SourceTitle "playchess.com"]
[Source "ChessBase"]
[SourceQuality "1"]
[TimeControl "40/5400+30:900+30"]

1. d4 Nf6 2. c4 c6 3. Nf3 d5 4. Qc2 e6 5. Bg5 Be7 6. e3 Nbd7 7. Nc3 h6 8. Bh4 O-O 9. cxd5 cxd5 10. Bd3 a6 11. O-O Nh5 12. Bxe7 Qxe7 13. Rac1 Nhf6 14. Qb3 b5 15. a4 b4 16. Ne2 a5 17. Rc7 Ne8 18. Rc2 Ba6 19. Rfc1 Bxd3 20. Qxd3 Nd6 21. Ne5 Nxe5 22. dxe5 Nc4 23. f4 Qc5 24. Kf2 b3 25. Qxb3 Rfb8 26. Qc3 Qb4 27. Nd4 Nxb2 28. Nc6 Qxc3 29. Rxc3 Rb6 30. Kg3 Nc4 31. Nd4 Rb4 32. Nb3 Nb6 33. Nd4 Rxa4 34. Nb5 Rc4 35. Na3 Rxc3 36. Rxc3 Rc8 37. Rb3 Nc4 38. Rc3 Rb8 39. Nxc4 Rc8 40. Ra3 Rxc4 41. Rxa5 g6 42. Kf3 Kg7 43. Ra3 Rb4 44. Rd3 Ra4 45. Rd4 Ra3 46. Rd2 Ra4 47. Re2 Re4 48. g3 g5 49. h3 Kg6 50. Ra2 Kg7 51. Ra7 h5 52. Ra3 Kg6 53. Rb3 Ra4 54. Rb8 Kg7 55. fxg5 Re4 56. h4 Rxe5 57. Rb4 Kg6 58. Rf4 Rf5 59. e4 dxe4+ 60. Kxe4 Ra5 61. Rf6+ Kg7 62. Kf3 Ra3+ 63. Kg2 Ra2+ 64. Kh3 Ra8 65. Rf3 Ra1 66. Rf4 Ra3 67. Rf6 Ra8 68. Rh6 Rh8 69. Rxh8 Kxh8 70. g4 hxg4+ 71. Kxg4 Kg7 72. h5 f6 73. g6 Kh6 74. Kf4 Kg7 75. Ke4 Kh6 76. Ke3 Kg7 77. Kd4 Kh6 78. Kc5 f5 79. Kd4 f4 80. Kd3 e5 81. Ke4 Kg7 82. Kf3 Kh6 83. Kg4 Kg7 1/2-1/2